 Dungeon Crawl Stone Soup version 0.31-a0-167-g1c394c0614 (webtiles) character file.

Game seed: 16919666164926452926

303 lunkers the Basher (level 6, -1/47 (48) HPs)
             Began as a Meteoran Reaver on June 14, 2023.
             Was a Follower of Uskayaw.
             Slain by Pikel
             ... wielding a +2 whip of electrocution
              (6 damage)
             ... on level 4 of the Dungeon.
             The game lasted 00:03:34 (1409 turns).

lunkers the Basher (Meteoran Reaver)                Turns: 1409, Time: 00:03:34

HP:   -1/47 (48)    AC: 12    Str: 17    XL:     6   Next: 99%
MP:   5/11          EV:  8    Int: 14    God:    Uskayaw [*.....]
Gold: 79            SH:  0    Dex: 12    Spells: 9/10 levels left

rFire   + . .        a - +6 hammer of Irksome Cruel Justice {heavy, Will+}
rCold   . . .        (no shield)
rNeg    . . .        q - +2 chain mail {rF+}
rPois   .            (no helmet)
rElec   .            i - +0 cloak
rCorr   .            j - +0 pair of gloves
SInv    .            (no boots)
Will    +....        (no amulet) Stlth
                     (no ring)
HPRegen 0.27/turn    (no ring)
MPRegen 0.12/turn

%: no passive effects
@: very slightly contaminated, glowing, lightly drained
A: sense surroundings 1, otherworldly, glowing, explore regen
a: Renounce Religion, Stomp


You were on level 4 of the Dungeon.
You worshipped Uskayaw.
Uskayaw was noncommittal.
You visited 1 branch of the dungeon, and saw 4 of its levels.

You collected 79 gold pieces.

Inventory:

Hand Weapons
 a - the +6 hammer of Irksome Cruel Justice (weapon) {heavy, Will+}
   (You found it on level 2 of the Dungeon)

   Will:      It increases your willpower.
 h - a +2 quarterstaff of chaos
 k - the +3 hammer "Erruon Juogg" {heavy, rElec rPois Str+2}
   (You found it on level 2 of the Dungeon)

   Str:       It affects your strength (+2).
   rElec:     It insulates you from electricity.
   rPois:     It protects you from poison.
 l - the +7 hammer "Death Rattle" {heavy, *Corrode +Blink rN+++ Dex+5}
   (You found it on level 2 of the Dungeon)

   Dex:       It affects your dexterity (+5).
   rN:        It renders you almost immune to negative energy.
   +Blink:    It lets you blink.
   *Corrode:  It may corrode you when you take damage.
Armour
 i - a +0 cloak (worn)
 j - a +0 pair of gloves (worn)
 q - a +2 chain mail of fire resistance (worn)
Wands
 p - a wand of light (7)
Scrolls
 c - a scroll of noise {unknown}
 d - a scroll of teleportation {unknown}
 f - a scroll of identify {unknown}
 m - 2 scrolls of amnesia {unknown}
 n - a scroll of vulnerability {unknown}
Potions
 b - a potion of brilliance {unknown}
 e - 3 potions of curing {unknown}
 g - a potion of mutation {unknown}


   Skills:
 - Level 2.1 Fighting
 * Level 9.2 Maces & Flails
 - Level 2.4 Dodging
 - Level 2.6 Spellcasting
 - Level 3.6 Conjurations


You had 9 spell levels left.
You knew the following spells:

 Your Spells              Type           Power      Damage    Failure   Level
p - Kiss of Death         Conj/Necr      24%        2d7       80%         1

Your spell library contained the following spells:

 Spells                   Type           Power      Damage    Failure   Level
 Momentum Strike          Conj/Tloc      12%        3d8       90%         2
 Dazzling Flash           Conj/Hex       12%        N/A       99%         3
 Hailstorm                Conj/Ice       6%         3d4       99%         3
 Agony                    Necr           1%         N/A       100%        5
 Silence                  Hex/Air        0%         N/A       100%        5


Dungeon Overview and Level Annotations

Branches:
Dungeon (4/15) Zot: 1569
 Temple: D:4-7

Altars:
Hepliaklqana
Uskayaw

Shops:
D:3 !

Annotations:
D:4 Pikel


Innate Abilities, Weirdness & Mutations

You passively map a small area around you.
You are easily found by Zot.
You glow in the dark.
You regain HP and MP as you explore.


Message History

You miscast Kiss of Death.
You are very lightly contaminated with residual magic.
Nothing appears to happen.
Unknown command.
You closely miss Pikel.
Pikel hits you with a +2 whip of electrocution.
* * * LOW HITPOINT WARNING * * *
You are electrocuted!
* * * LOW HITPOINT WARNING * * *
Pikel barely misses you.
You barely miss Pikel. You punch Pikel, but do no damage.
Pikel hits you with a +2 whip of electrocution!
* * * LOW HITPOINT WARNING * * *
Unknown command.
Casting: Kiss of Death (safe; 80% risk of failure)
Confirm with . or Enter, or press ? or * to list all spells.
Aiming: Kiss of Death (safe; 80% risk of failure)
Press: ? - help, Shift-Dir - straight line, f/p - Pikel
Aim: Pikel, wielding a +2 whip of electrocution and wearing a +0 robe (100% to hit)
Okay, then.
Okay, then.
Aiming: Bolt of Light
Press: ? - help, Shift-Dir - straight line, f/p - Pikel
Aim: Pikel, wielding a +2 whip of electrocution and wearing a +0 robe (64% to hit)
The bolt of light hits Pikel but does no damage.
Pikel is blinded.
The bolt of light hits the lemure!
You kill the lemure!
That felt strangely unrewarding.
The bolt of light hits the lemure!
You kill the lemure!
That felt strangely unrewarding.
Pikel closely misses you.
You stomp with the beat, sending a shockwave through the revellers around you!
Pikel is moderately wounded.
You can no longer pass through a line of other dancers.
Pikel barely misses you.
You can now pass through a line of other dancers.
You stomp with the beat, sending a shockwave through the revellers around you!
Pikel is heavily wounded.
You can no longer pass through a line of other dancers.
Pikel hits you with a +2 whip of electrocution.
You die...

#............ ##............
#.........>... #...5.........
######## #..5..........
#####......# ##............
###..........######....)......
####...........###5...........:..
.........)......@K5.............
...........^...########........
#####.........## #####.... #
#.........# * ..< ## #........##
, ** .# .# #..>.....# , * .#
##......## , , .# #.....## ,, ##
#######


You could see Pikel (blind) and 2 lemures.

Vanquished Creatures
  Sigmund (D:3)
  2 lemures (D:4)
  Crazy Yiuf (D:2)
  Jessica (D:3)
  Ijyb (D:3)
  An adder (D:2)
  A worm (D:2)
  2 dart slugs
  7 orcs
  4 bats
  4 endoplasms
  3 goblins
  3 hobgoblins
  2 quokkas
  5 ball pythons
  A frilled lizard (D:1)
  6 kobolds
  5 rats
50 creatures vanquished.

Vanquished Creatures (others)
  An orc (D:3)
1 creature vanquished.

Grand Total: 51 creatures vanquished

Notes
Turn   | Place    | Note
-------+----------+-------------------------------------------
     0 | D:1      | lunkers the Meteoran Reaver began the quest for the Orb.
     0 | D:1      | Reached XP level 1. HP: 17/17 MP: 5/5
   292 | D:1      | Reached XP level 2. HP: 24/24 MP: 6/6
   405 | D:1      | Reached skill level 5 in Maces & Flails
   474 | D:1      | Reached XP level 3. HP: 24/29 MP: 8/8
   536 | D:2      | Found a runed translucent door.
   537 | D:2      | Noticed Crazy Yiuf
   544 | D:2      | Killed Crazy Yiuf
   545 | D:2      | Reached skill level 6 in Maces & Flails
   545 | D:2      | Reached XP level 4. HP: 25/33 MP: 6/9
   548 | D:2      | Identified the +6 hammer of Irksome Cruel Justice {heavy,
                  | Will+}
   550 | D:2      | Identified the +3 hammer "Erruon Juogg" {heavy, rElec rPois
                  | Str+2}
   553 | D:2      | Identified the +7 hammer "Death Rattle" {heavy, *Corrode
                  | +Blink rN+++ Dex+5}
   804 | D:2      | Found a faded altar of an unknown god.
   899 | D:3      | Noticed Sigmund
   905 | D:3      | Killed Sigmund
   906 | D:3      | Reached skill level 8 in Maces & Flails
   906 | D:3      | Reached XP level 5. HP: 6/41 MP: 5/10
   906 | D:3      | Reached XP level 6. HP: 7/48 MP: 5/11
   929 | D:3      | Noticed a +0 falchion
   929 | D:3      | Noticed a +0 spear
   930 | D:3      | Noticed a +0 short sword
   930 | D:3      | Noticed a +0 short sword
   930 | D:3      | Noticed a +0 dagger
   930 | D:3      | Noticed a +0 dagger
   930 | D:3      | Noticed a +0 falchion
   930 | D:3      | Noticed a +0 spear
   935 | D:3      | Found a hide-covered altar of Uskayaw.
   978 | D:3      | Became a worshipper of Uskayaw the Reveller
  1026 | D:3      | Noticed Jessica
  1030 | D:3      | Reached * piety under Uskayaw
  1033 | D:3      | Killed Jessica
  1033 | D:3      | Reached ** piety under Uskayaw
  1059 | D:3      | Noticed Ijyb
  1075 | D:3      | Killed Ijyb
  1076 | D:3      | Reached skill level 9 in Maces & Flails
  1177 | D:3      | Found a hazy altar of Hepliaklqana.
  1184 | D:3      | Found Feepn's Distillery.
  1383 | D:4      | Noticed Pikel
  1409 | D:4      | Slain by Pikel

Illustrated notes

Levels and vault maps discovered:
D:1:      erik_arrival_triangle_small, layout_loops_corners,
          hangedman_abyss_or_decor_lesser_grid, minmay_splitting_lines
D:2:      layout_basic, ebering_ecumenical_altar_petrified,
          uniq_crazy_yiuf_cottage
D:3:      layout_loops_ring, nicolae_overflow_crystal_walls,
          nicolae_uskayaw_en_pointe, serial_shops, nicolae_shop_stone,
          uniq_jessica, uniq_ijyb, uniq_sigmund
D:4:      layout_cave_pods, nicolae_gozag_seed_capital,
          grunt_dithmenos_smoke_and_mirrors, uniq_grinder, uniq_pikel,
          uniq_blork_the_orc, uniq_edmund

Skill      XL: |  1  2  3  4  5  6 |
---------------+-------------------+-----
Maces & Flails | 5 6 8 9 |  9.2
Fighting       | |  2.1
Dodging        | |  2.4
Spellcasting   | |  2.6
Conjurations   | |  3.6

Action                     |  1- 3 |  4- 6 || total
---------------------------+-------+-------++-------
  Melee: Mace              |    43 |    58 ||   101
         Punch             |       |     1 ||     1
   Cast: Kiss of Death     |     2 |     4 ||     6
 Invoke: Stomp             |       |     2 ||     2
  Evoke: Wand              |       |     1 ||     1
 Armour: Leather armour    |    11 |     6 ||    17
         Chain mail        |       |    15 ||    15
         Ring mail         |       |     5 ||     5
  Dodge: Dodged            |    28 |    28 ||    56

Table legend: (Time is in decaauts)
 A = Elapsed time spent in this place.
 B = Non-inter-level travel time spent in this place.
 C = Inter-level travel time spent in this place.
 D = Time resting spent in this place.
 E = Time spent auto-exploring this place.
 F = Levels seen in this place.
 G = Mean time per level.
                   A        B        C        D        E       F      G
               +--------+--------+--------+--------+--------+-----+--------+
         Total |   1429 |   1370 |     59 |      0 |    956 |   4 |  357.2 |
       Dungeon |   1429 |   1370 |     59 |      0 |    956 |   4 |  357.2 |
               +--------+--------+--------+--------+--------+-----+--------+

Top non-repeatable levels by time:
     D:3: 512 daAuts
     D:1: 501 daAuts
     D:2: 331 daAuts
     D:4: 83 daAuts
